Map: Queda Cerúlea LE

Players

Vicster - Winner!

  • Race: Terran Terran
  • League: Gold
  • Spawn Location: 7:00

GentleMan

  • Race: Terran Terran
  • League: Gold
  • Spawn Location: 1:00

VOD

Have the link to the VOD?

Description

Time

  • Played on: Jan. 8, 2019, 3:48 p.m.
  • Length: 6:44
Show
View Real Time Build Order
Export as new Build Order

Vicster Terran - Winner!

Build Orders: Reaper Expand 

Get SALT Encoding   

  12  0:01  SCV  
  13  0:13  SCV  
  14  0:17  Supply Depot  
  14  0:25  SCV  
  15  0:39  SCV  
  16  0:43  Barracks  
  16  0:50  Refinery  
  16  0:51  SCV  
  17  1:03  SCV  
  18  1:15  SCV  
  19  1:29  Orbital Command  
  19  1:32  Reaper  
  20  1:44  Command Center  
  20  1:56  SCV  
  21  2:01  Supply Depot  
  21  2:08  SCV  
  22  2:10  Factory  
  21  2:23  SCV  
  21  2:27  Barracks Reactor  
  22  2:31  Refinery  
  22  2:35  SCV  
  23  2:48  SCV  
  24  2:58  Factory Tech Lab  
  24  2:59  Orbital Command  
  24  3:00  SCV  
  25  3:09  Barracks  
  25  3:12  Marine x2, SCV  
  28  3:23  Siege Tank  
  28  3:24  SCV  
  32  3:30  Starport  
  32  3:32  Marine x2  
  34  3:36  SCV  
  35  3:42  SCV, Supply Depot  
  35  3:48  SCV  
  37  3:49  Marine x2  
  37  3:54  SCV  
  37  3:55  Siege Tank  
  43  3:57  Barracks Tech Lab  
  43  4:00  SCV  
  44  4:12  Marine x2  
  44  4:14  Medivac  
  44  4:15  SCV  
  49  4:22  Supply Depot  
  49  4:24  SCV  
  50  4:27  SCV  
  50  4:30  Marine x2  
  53  4:35  Stimpack  
  53  4:36  SCV  
  54  4:42  Engineering Bay  
  54  4:52  Command Center  
  54  4:58  SCV x2  
  56  5:02  Marine x3  
  59  5:08  Siege Tank  
  62  5:34  SCV  
  62  5:35  Marine x2  
  62  5:37  SCV  
  61  5:56  Marine  
  62  6:04  Marine, Marauder, Siege Tank  
  68  6:13  Marine  
Show
View Real Time Build Order
Export as new Build Order

GentleMan Terran 

Build Orders:  

Get SALT Encoding   

  12  0:01  SCV  
  13  0:15  Supply Depot  
  13  0:18  SCV  
  14  0:30  SCV  
  15  0:37  Barracks  
  15  0:47  SCV  
  16  0:59  SCV  
  16  1:00  Refinery  
  18  1:11  SCV  
  18  1:22  Barracks  
  18  1:27  Marine  
  18  1:29  SCV  
  20  1:41  SCV  
  20  1:45  Marine, Bunker  
  22  1:54  SCV  
  23  2:01  Refinery  
  23  2:16  Supply Depot  
  23  2:20  Supply Depot  
  23  2:26  Orbital Command  
  23  2:34  Engineering Bay  
  23  2:37  Marine  
  24  2:46  Supply Depot  
  24  2:47  Marine  
  25  2:55  Marine  
  26  3:05  Marine  
  27  3:06  Barracks  
  27  3:13  Marine  
  27  3:17  Factory  
  29  3:20  SCV  
  29  3:23  Terran Infantry Weapons Level 1  
  29  3:26  Marine  
  30  3:31  Barracks Tech Lab  
  30  3:32  SCV  
  31  3:47  SCV  
  32  3:52  Barracks Reactor  
  32  3:53  Combat Shield  
  32  3:55  Barracks Reactor  
  32  4:10  Command Center  
  32  4:14  Marauder  
  34  4:28  Marine  
  34  4:29  Marine  
  34  4:31  Marine x2  
  36  4:36  Marauder  
  40  4:42  Missile Turret  
  40  4:54  Marine x2  
  42  5:03  Missile Turret  
  42  5:14  Marine  
  42  5:15  Marine  
  42  5:16  Marine x2  
  46  5:22  Marauder  
  46  5:25  Supply Depot  
  42  6:00  Marine x2  
  42  6:01  Marine x2  
  46  6:23  Marauder  
Tags
 
League
GoldGold
Matchup
TvT
Race
Terran
Replay Pack
Vicster replay
Spawn Locations
Cross Positions
Add a new tag
Caveats
  • Supply blocks, unpowered buildings, or Contaminate may cause inaccurate times.
  • Supply counts are checked every 10 seconds.